Map: Year Zero LE

Players

Gamsu - Winner!

  • Race: Protoss Protoss
  • League: Platinum
  • Spawn Location: 11:00

Presto

  • Race: Zerg Zerg
  • League: Diamond
  • Spawn Location: 1:00

VOD

Have the link to the VOD?

Description

Time

  • Played on: Feb. 10, 2019, 7:20 a.m.
  • Length: 25:29
Show
View Real Time Build Order
Export as new Build Order

Gamsu Protoss - Winner!

Build Orders: Carriers 

Get SALT Encoding   

  12  0:01  Probe  
  13  0:18  Probe  
  14  0:27  Pylon  
  14  0:30  Probe  
  15  0:41  Probe  
  15  0:49  Probe  
  16  0:55  Gateway  
  17  1:00  Gateway  
  17  1:03  Probe  
  18  1:15  Probe  
  18  1:16  Assimilator  
  19  1:20  Assimilator  
  19  1:24  Probe  
  19  1:26  Pylon  
  19  1:32  Probe  
  21  1:48  Cybernetics Core  
  21  1:58  Pylon  
  21  2:04  Probe  
  22  2:16  Probe  
  22  2:19  Nexus  
  23  2:35  Probe  
  23  2:43  Probe  
  24  2:45  Warp Gate  
  24  2:46  Stalker  
  27  2:52  Adept, Probe  
  30  3:11  Pylon  
  30  3:22  Stargate  
  30  3:23  Probe  
  31  3:35  Probe  
  32  3:43  Adept  
  32  3:44  Sentry  
  32  3:47  Probe x2  
  38  3:59  Probe x2  
  38  4:00  Oracle  
  40  4:03  Gateway  
  40  4:04  Gateway  
  40  4:08  Gateway  
  40  4:11  Probe  
  44  4:37  Adept x2  
  48  4:41  Void Ray  
  50  5:04  Adept x4  
  58  5:25  Adept x2  
  62  5:33  Pylon  
  62  5:35  Pylon  
  62  5:37  Pylon  
  59  5:56  Adept x4  
  67  6:00  Assimilator  
  67  6:02  Assimilator  
  61  6:17  Void Ray  
  65  6:22  Twilight Council  
  65  6:30  Gateway  
  65  6:31  Gateway  
  65  6:33  Gateway  
  65  6:37  Probe  
  65  6:38  Probe  
  65  6:41  Nexus  
  65  6:44  Pylon  
  65  6:46  Pylon  
  66  7:06  Resonating Glaives  
  66  7:09  Probe  
  66  7:10  Probe  
  66  7:11  Dark Shrine  
  68  7:17  Probe  
  68  7:18  Probe  
  70  7:25  Probe  
  70  7:26  Probe  
  72  7:37  Probe x2  
  74  7:49  Probe x2  
  76  7:55  Nexus  
  76  8:07  Shield Battery  
  76  8:10  Shield Battery  
  76  8:13  Shield Battery  
  76  8:32  Dark Templar x4  
  84  8:36  Zealot x3  
  84  8:38  Charge  
  90  8:43  Archon  
  90  8:44  Archon  
  90  8:54  Forge  
  90  8:56  Forge  
  90  9:02  Pylon  
  90  9:03  Robotics Facility  
  90  9:04  Robotics Facility  
  90  9:07  Pylon x2  
  90  9:09  Probe x2  
  92  9:11  Probe  
  93  9:21  Probe x2  
  93  9:23  Probe  
  96  9:26  Assimilator  
  96  9:30  Protoss Ground Weapons Level 1  
  96  9:31  Protoss Ground Armor Level 1, Pylon, Assimilator  
  96  9:33  Probe x2  
  96  9:34  Pylon  
  96  9:35  Probe  
  99  9:45  Probe  
  100  9:50  Dark Templar x3  
  100  9:52  Zealot  
  108  9:59  Probe x2  
  110  10:00  Probe  
  91  10:31  Immortal  
  91  10:32  Immortal  
  83  10:40  Void Ray  
  93  10:57  Dark Templar  
  93  10:59  Zealot x2  
  93  11:00  Zealot x4  
  107  11:11  Observer  
  108  11:12  Observer  
  109  11:23  Void Ray  
  113  11:27  Protoss Ground Armor Level 2  
  113  11:28  Protoss Ground Weapons Level 2  
  113  11:29  Dark Templar  
  113  11:30  Dark Templar  
  113  11:31  Dark Templar  
  119  11:34  Archon x2  
  119  11:39  Zealot x4  
  127  11:49  Photon Cannon  
  127  11:52  Photon Cannon  
  127  11:55  Photon Cannon  
  127  11:57  Assimilator  
  127  12:00  Immortal, Assimilator  
  127  12:02  Immortal  
  127  12:08  Fleet Beacon  
  135  12:24  Zealot x4  
  135  12:25  Zealot  
  135  12:28  Dark Templar  
  147  12:37  Pylon  
  147  12:39  Pylon x2  
  147  12:42  Pylon  
  147  12:45  Pylon  
  147  12:51  Stargate  
  147  12:53  Stargate  
  147  12:57  Dark Templar  
  147  12:58  Tempest  
  149  13:02  Archon  
  142  13:28  Tempest  
  142  13:29  Carrier  
  142  13:32  Zealot x2  
  142  13:33  Zealot  
  142  13:38  Protoss Ground Weapons Level 3  
  142  13:40  Protoss Ground Armor Level 3  
  147  14:06  Nexus  
  147  14:07  Pylon  
  146  14:11  Pylon  
  142  15:09  Carrier x2  
  142  15:10  Carrier  
  160  15:25  Dark Templar x3  
  160  15:26  Dark Templar  
  160  15:28  Dark Templar x2  
  160  15:29  Dark Templar x2  
  160  15:30  Zealot x3  
  172  15:54  Protoss Air Armor Level 1  
  172  15:57  Immortal  
  172  15:58  Immortal, Assimilator  
  172  16:01  Assimilator  
  172  16:03  Pylon  
  172  16:05  Pylon  
  180  16:11  Pylon  
  180  16:15  Cybernetics Core  
  156  17:27  Protoss Air Weapons Level 1  
  156  17:29  Protoss Air Armor Level 2  
  123  17:35  Templar Archives  
  107  17:42  Photon Cannon  
  107  17:43  Protoss Shields Level 1  
  107  17:44  Photon Cannon  
  107  17:47  Photon Cannon  
  107  17:48  Photon Cannon  
  107  17:57  Carrier x3  
  125  18:07  Immortal  
  125  18:11  Zealot x5  
  125  18:12  Zealot x2  
  139  18:16  Immortal  
  147  18:27  Psionic Storm  
  147  18:45  Nexus  
  147  18:47  Pylon  
  147  18:48  Pylon  
  147  18:51  Pylon  
  147  18:59  Robotics Bay  
  147  19:11  Photon Cannon  
  147  19:14  Photon Cannon  
  147  19:15  High Templar x4  
  147  19:16  Photon Cannon, High Templar x2  
  159  19:18  Photon Cannon  
  159  19:33  Carrier  
  165  19:40  Mothership  
  173  20:03  Zealot x2, Assimilator  
  173  20:04  Zealot x4  
  173  20:05  Zealot  
  187  20:07  Assimilator  
  161  21:29  Carrier x2  
  155  21:37  Carrier  
  167  22:12  Protoss Air Armor Level 3  
  167  22:13  Protoss Air Weapons Level 2  
  167  22:30  Carrier  
  167  22:31  Carrier  
  179  22:41  Carrier  
  177  23:02  High Templar  
  177  23:03  High Templar x5  
  189  23:35  Carrier  
  193  24:58  Zealot x5  
  193  24:59  Zealot  
Show
View Real Time Build Order
Export as new Build Order

Presto Zerg 

Build Orders: 3 Hatch before Pool, Lurkers 

Get SALT Encoding   

  12  0:01  Drone  
  13  0:13  Overlord  
  13  0:23  Drone  
  14  0:32  Drone x2  
  16  0:36  Drone  
  17  0:55  Hatchery  
  16  0:57  Drone  
  17  1:15  Drone  
  18  1:24  Hatchery  
  17  1:35  Spawning Pool  
  17  1:38  Drone  
  17  1:42  Drone  
  17  1:44  Drone  
  19  1:49  Extractor  
  19  1:50  Drone  
  19  2:03  Drone  
  21  2:08  Drone  
  21  2:13  Drone  
  22  2:18  Drone  
  22  2:22  Queen  
  25  2:23  Queen  
  27  2:34  Overlord  
  27  2:35  Drone  
  27  2:36  Drone  
  29  2:41  Drone x2  
  31  2:44  Drone  
  31  2:50  Overlord  
  32  2:53  Drone  
  33  3:02  Queen  
  35  3:07  Metabolic Boost  
  35  3:09  Zergling x2  
  35  3:10  Zergling x2  
  37  3:20  Zergling x10  
  37  3:23  Drone  
  43  3:27  Drone x2  
  43  3:34  Overlord, Drone  
  46  3:35  Drone  
  46  3:39  Drone  
  48  3:47  Overlord  
  48  3:49  Lair  
  48  3:57  Drone x2  
  48  3:58  Overlord  
  50  4:04  Roach Warren, Drone  
  50  4:05  Drone  
  50  4:06  Drone  
  50  4:21  Drone x2  
  51  4:31  Drone x4  
  51  4:32  Drone x3  
  51  4:34  Drone x3  
  51  4:38  Extractor  
  59  4:39  Extractor  
  59  4:40  Drone  
  59  4:41  Drone  
  59  4:43  Evolution Chamber  
  59  4:45  Evolution Chamber  
  58  4:46  Drone x2  
  58  4:48  Overlord  
  60  4:55  Glial Reconstitution  
  60  5:03  Spore Crawler  
  60  5:05  Spore Crawler  
  57  5:08  Queen  
  57  5:13  Roach x6  
  58  5:25  Roach x3  
  61  5:33  Roach  
  60  5:49  Roach  
  63  5:50  Zergling x2, Roach  
  63  5:51  Zergling x12  
  68  6:07  Roach  
  67  6:11  Drone  
  67  6:12  Drone x5  
  73  6:29  Overlord x4  
  73  6:45  Overseer  
  73  6:46  Queen  
  73  6:52  Extractor  
  73  6:53  Extractor  
  72  7:07  Zerg Missile Weapons Level 1  
  72  7:10  Hydralisk Den  
  71  7:20  Drone x10  
  71  7:21  Drone x4  
  85  7:29  Spore Crawler  
  84  7:43  Drone  
  84  7:44  Drone x7  
  90  7:55  Hydralisk x2  
  90  7:56  Hydralisk x5  
  103  8:05  Spore Crawler  
  102  8:06  Extractor  
  102  8:07  Drone, Grooved Spines  
  102  8:12  Lurker Den  
  101  8:21  Zerg Ground Armor Level 1  
  101  8:23  Drone x4  
  105  8:30  Overlord x4  
  105  8:48  Queen  
  107  8:57  Hatchery  
  106  9:13  Zerg Missile Weapons Level 2  
  106  9:14  Drone  
  106  9:15  Overlord x4, Drone x4  
  111  9:18  Muscular Augments  
  111  9:19  Spine Crawler  
  111  9:21  Drone x6  
  116  9:30  Overlord x2  
  116  9:39  Infestation Pit  
  116  9:42  Spire  
  116  9:43  Drone x4  
  120  9:45  Roach  
  120  9:46  Roach  
  120  9:51  Roach x3  
  126  9:59  Roach x4  
  134  10:06  Lurker x6  
  140  10:07  Lurker  
  140  10:12  Hydralisk x2  
  123  10:29  Overseer x2  
  123  10:43  Hydralisk x12  
  147  11:07  Queen  
  147  11:08  Drone  
  147  11:09  Drone x8  
  147  11:10  Spine Crawler  
  157  11:15  Hive  
  157  11:16  Spine Crawler  
  157  11:17  Spine Crawler, Zerg Ground Armor Level 2  
  155  11:19  Spore Crawler  
  155  11:25  Pneumatized Carapace  
  154  11:27  Pathogen Glands  
  154  11:37  Spine Crawler  
  153  11:41  Extractor  
  153  11:42  Extractor  
  153  11:44  Overlord  
  153  11:45  Overlord x2  
  151  11:49  Zerg Flyer Weapons Level 1  
  151  11:57  Infestor x3  
  151  11:58  Hatchery  
  156  12:10  Burrow  
  156  12:18  Infestor  
  156  12:20  Hydralisk x3  
  164  12:25  Neural Parasite  
  164  12:45  Zerg Missile Weapons Level 3  
  164  12:48  Overseer x3  
  164  12:58  Hydralisk  
  164  12:59  Hydralisk x7  
  164  13:01  Extractor  
  164  13:02  Extractor  
  178  13:17  Queen  
  180  13:21  Drone  
  180  13:22  Drone x12  
  191  14:42  Nexus  
  189  14:49  Hydralisk  
  189  14:50  Hydralisk x4  
  199  15:10  Hatchery  
  198  15:25  Spore Crawler x2  
  196  15:33  Hydralisk x6  
  186  15:49  Hydralisk  
  186  15:50  Hydralisk x6  
  186  15:52  Zerg Ground Armor Level 3  
  198  16:05  Probe  
  199  16:17  Probe  
  200  16:21  Pylon  
  200  16:22  Pylon  
  200  16:25  Pylon  
  200  16:26  Pylon  
  200  16:40  Forge  
  200  16:43  Gateway  
  200  16:48  Gateway  
  168  17:20  Hydralisk x4  
  168  17:21  Hydralisk x11  
  180  17:30  Drone  
  171  17:37  Photon Cannon  
  171  17:39  Photon Cannon  
  171  17:41  Photon Cannon  
  171  17:42  Photon Cannon  
  171  17:43  Photon Cannon  
  171  17:45  Cybernetics Core  
  171  17:50  Hydralisk  
  171  17:51  Hydralisk x4  
  181  18:14  Photon Cannon  
  181  18:15  Photon Cannon  
  181  18:16  Photon Cannon  
  181  18:25  Stargate  
  181  18:27  Photon Cannon, Stargate  
  181  18:28  Photon Cannon  
  181  18:30  Stargate  
  181  18:44  Pylon  
  181  18:46  Pylon  
  181  18:47  Pylon  
  181  18:49  Pylon x2  
  181  19:07  Stargate  
  181  19:08  Stargate  
  181  19:10  Fleet Beacon  
  181  19:27  Photon Cannon  
  181  19:28  Photon Cannon  
  181  19:31  Photon Cannon  
  181  19:32  Photon Cannon  
  181  19:36  Photon Cannon  
  181  19:38  Photon Cannon  
  181  19:59  Carrier  
  192  20:08  Photon Cannon  
  179  20:20  Carrier x3  
  197  20:37  Photon Cannon  
  183  21:48  Carrier x2  
  173  22:02  Corruptor  
  173  22:04  Carrier  
  173  22:05  Carrier x2  
  132  22:52  Carrier  
  132  22:53  Corruptor x2  
  132  22:54  Corruptor x3  
  152  23:09  Carrier  
  148  23:58  Corruptor x2  
Tags
 
Add a new tag
Caveats
  • Supply blocks, unpowered buildings, or Contaminate may cause inaccurate times.
  • Supply counts are checked every 10 seconds.